 Dungeon Crawl Stone Soup version 0.13-a0-2537-g1f6edf4 (webtiles) character file.

1424 Kae the Conjurer (level 8, 0/41 HPs)
             Began as a Tengu Fire Elementalist on July 27, 2013.
             Was an Initiate of Vehumet.
             Slain by an orc warrior
             ... wielding a +0,+1 orcish great mace
              (28 damage)
             ... on Level 6 of the Dungeon.
             The game lasted 00:09:41 (6394 turns).

Kae the Conjurer (Tengu Fire Elementalist)          Turns: 6394, Time: 00:09:41

HP   0/41        AC  3     Str  9      XL: 8   Next: 47%
MP  33/33        EV 12     Int 18      God: Vehumet [......]
Gold 201         SH  0     Dex 15      Spells:  3 memorised, 10 levels left

Res.Fire  : . . .   See Invis. : .   o - staff of power
Res.Cold  : . . .   Warding    : .   a - +1 robe
Life Prot.: . . .   Conserve   : .   (no shield)
Res.Poison: .       Res.Corr.  : .   (helmet restricted)
Res.Elec. : .       Clarity    : .   (no cloak)
Sust.Abil.: . .     Spirit.Shd : .   (no gloves)
Res.Mut.  : .       Stasis     : .   (boots unavailable)
Res.Rott. : .       Flight     : .   (no amulet)
Saprovore : . . .                    (no ring)
                                     u - +1 ring of dexterity

@: slightly resistant to hostile enchantments, fairly stealthy
A: able to fly, beak, talons 3
a: Fly, Renounce Religion


You were on level 6 of the Dungeon.
You worshipped Vehumet.
Vehumet was pleased with you.
You were hungry.

You visited 2 branches of the dungeon, and saw 7 of its levels.

You collected 181 gold pieces.

Inventory:

Hand weapons
 k - a +3,+1 elven whip of freezing
Armour
 a - a +1 robe (worn)
Comestibles
 c - 4 bread rations
 i - a royal jelly
 p - 2 apples
 r - a pear
 s - a choko
Scrolls
 f - 2 scrolls of blinking
 g - a scroll of remove curse
 h - 2 scrolls of fear
 m - 3 scrolls of identify
 v - a scroll of random uselessness {unknown}
Jewellery
 t - an uncursed ring of fire {unknown}
 u - a +1 ring of dexterity (left hand)
Potions
 d - 3 potions of restore abilities
 e - 2 potions of might {unknown}
 j - 2 potions of agility
 n - a potion of brilliance {unknown}
 q - 2 potions of heal wounds {unknown}
Books
 b - a book of Flames

   Spells                             Type                      Level
   *Flame Tongue                      Conjuration/Fire             1
   *Throw Flame                       Conjuration/Fire             2
   *Conjure Flame                     Conjuration/Fire             3
   Inner Flame                        Hexes/Fire                   3
   Sticky Flame                       Conjuration/Fire             4
   Fireball                           Conjuration/Fire             5
Magical staves
 o - an uncursed staff of power (weapon)


   Skills:
 - Level 2.1 Dodging
 - Level 2.0 Stealth
 + Level 4.7 Spellcasting
 * Level 9.1 Conjurations
 + Level 6.1 Fire Magic


You had 10 spell levels left.
You knew the following spells:

 Your Spells              Type           Power        Failure   Level  Hunger
a - Flame Tongue          Conj/Fire      ####.        1%          1    None
b - Throw Flame           Conj/Fire      ####..       1%          2    #......
c - Conjure Flame         Conj/Fire      ####....     1%          3    ###....


Dungeon Overview and Level Annotations

Branches:
Dungeon (6/27)             Temple (1/1) D:5
    Orc: D:6-11

Altars:
Ashenzari
Elyvilon
Fedhas
Kikubaaqudgha
Trog
Vehumet
Yredelemnul

Shops:
D:5: }


Innate Abilities, Weirdness & Mutations

You can fly.
You have a beak for a mouth.
You have claws for feet.


Message History

You offer a prayer to Vehumet.
Vehumet is pleased with you.
Done exploring.
(D) Dungeon (T) Temple
Where to? (Enter - D:5, ? - help)
There is an open door here.
There is a stone staircase leading down here.
You climb downwards. 4 orcs and an orc warrior come into view.
The orc shouts!
There is a stone staircase leading up here.
You offer a prayer to Vehumet.
Vehumet is pleased with you.
There are monsters nearby!
The orc shouts!
The orc hits you with an orcish club.
The orc hits you from afar with an orcish trident!
The orc warrior hits you with an orcish great mace!
Ouch! That really hurt!
You die...

#. ...
#...#
#....#
##....#
#.o...#
###.o.##
#..@o..#
#..o....#
#...#....#
#.o.##...#
#....
....#
#.... ...
###.. .
####


You could see an orc warrior and 4 orcs.

Vanquished Creatures
  A necrophage (D:5)
  Edmund (D:4)
  A sky beast (D:4)
  2 ogres (D:5)
  2 centaurs
  Blork the orc (D:5)
  2 hounds
  A centaur skeleton (D:5)
  2 crimson imps (D:5)
  A worker ant (D:4)
  Ijyb (D:2)
  Jessica (D:2)
  A gnoll (D:1)
  An inept feature mimic (D:2)
  2 adders
  4 worms
  A goliath beetle zombie (D:5)
  An adder skeleton (D:4)
  2 orcs
  7 ball pythons
  11 bats
  A bat skeleton (D:3)
  5 giant cockroaches
  8 goblins
  9 hobgoblins
  7 jackals
  2 quokkas
  A giant gecko (D:1)
  14 giant newts
  A giant spore (D:5)
  3 kobolds
  9 rats
  A rat skeleton (D:4)
  A ballistomycete (D:5)
108 creatures vanquished.

Notes
Turn   | Place    | Note
--------------------------------------------------------------
     0 | D:1      | Kae, the Tengu Fire Elementalist, began the quest for the Orb.
     0 | D:1      | Reached XP level 1. HP: 10/10 MP: 3/3
   293 | D:1      | Reached XP level 2. HP: 7/15 MP: 3/5
   620 | D:1      | Reached XP level 3. HP: 3/19 MP: 1/7
  1162 | D:2      | Noticed Ijyb
  1179 | D:2      | Killed Ijyb
  1398 | D:2      | Noticed Jessica
  1405 | D:2      | Killed Jessica
  1405 | D:2      | Reached skill level 4 in Fire Magic
  1405 | D:2      | Reached XP level 4. HP: 6/24 MP: 2/9
  2678 | D:3      | Reached XP level 5. HP: 28/28 MP: 7/11
  2710 | D:3      | Noticed a centaur
  2749 | D:3      | Killed a centaur
  2749 | D:3      | Reached skill level 5 in Conjurations
  2868 | D:3      | Learned a level 2 spell: Throw Flame
  2872 | D:3      | Learned a level 3 spell: Conjure Flame
  3310 | D:3      | Reached XP level 6. HP: 29/32 MP: 11/14
  3801 | D:4      | Noticed Edmund
  3821 | D:4      | Killed Edmund
  3821 | D:4      | Reached skill level 6 in Conjurations
  4364 | D:5      | Entered Level 5 of the Dungeon
  4364 | D:5      | Found a staircase to the Ecumenical Temple.
  4369 | D:5      | Reached skill level 5 in Fire Magic
  4369 | D:5      | Reached XP level 7. HP: 20/36 MP: 17/17
  4460 | Temple   | Entered the Ecumenical Temple
  4481 | Temple   | Became a worshipper of Vehumet
  4516 | D:5      | Found Uneiggek's Gadget Emporium.
  4958 | D:4      | Reached skill level 7 in Conjurations
  5566 | D:5      | Noticed a necrophage
  5575 | D:5      | Killed a necrophage
  5640 | D:5      | Noticed Blork the orc
  5663 | D:5      | Killed Blork the orc
  5663 | D:5      | Reached skill level 8 in Conjurations
  5663 | D:5      | Reached XP level 8. HP: 19/41 MP: 18/20
  6265 | D:5      | Reached skill level 9 in Conjurations
  6394 | D:6      | Slain by an orc warrior

Action                   |  1- 3 |  4- 6 |  7- 9 || total
-------------------------+-------+-------+-------++-------
Melee: Unarmed           |    21 |       |       ||    21
       Whip              |    17 |    29 |    13 ||    59
       Staff             |       |       |    13 ||    13
 Cast: Flame Tongue      |    51 |    98 |    59 ||   208
       Throw Flame       |       |     4 |    11 ||    15
       Conjure Flame     |       |     1 |     7 ||     8
 Abil: Fly               |       |     1 |     2 ||     3
  Use: Potion            |       |     2 |     1 ||     3
       Scroll            |       |       |     9 ||     9
 Stab: Sleeping          |     1 |     3 |       ||     4
